 Dungeon Crawl Stone Soup version 0.26.1-11-gd32895ea62 (webtiles) character file.

Game seed: 1439543725671920185

9939 Eitelfritz the Carver (level 11, -3/95 HPs)
             Began as a Minotaur Gladiator on May 6, 2021.
             Was an Elder of Uskayaw.
             Shot with an arrow by a centaur (7 damage)
             ... on level 11 of the Dungeon.
             The game lasted 00:34:26 (14225 turns).

Eitelfritz the Carver (Minotaur Gladiator)         Turns: 14225, Time: 00:34:27

Health: -3/95      AC: 16    Str: 19    XL:     11   Next: 29%
Magic:  0/14       EV: 14    Int:  8    God:    Uskayaw [****..]
Gold:   301        SH:  0    Dex: 12    Spells: 10/10 levels left

rFire    . . .     SeeInvis .   a - +1 long sword
rCold    . . .     Faith    .   (no shield)
rNeg     . . .     Spirit   +   K - +1 ring mail of Awe {Regen+ Stlth+}
rPois    .         Reflect  .   c - +1 hat
rElec    .         Harm     .   B - +0 cloak
rCorr    .         Rampage  .   L - +0 pair of gloves
Will     .....                  F - +0 pair of boots
Stlth    ++++......             k - amulet of guardian spirit
HPRegen  0.65/turn              e - +4 ring of protection
MPRegen  0.14/turn              v - ring of stealth

@: mighty, hasted, very quick
A: retaliatory headbutt, horns 2, yellow scales 1, deformed body
a: Renounce Religion, Stomp, Line Pass


You were on level 11 of the Dungeon.
You worshipped Uskayaw.
Uskayaw was noncommittal.
You visited 2 branches of the dungeon, and saw 12 of its levels.

You collected 786 gold pieces.
You spent 485 gold pieces at shops.

Inventory:

Hand Weapons
 a - a +1 long sword (weapon)
 b - a +0 longbow
 z - a +6 flail of holy wrath
 V - a +3 great sword
Missiles
 d - 4 throwing nets (quivered)
 j - 10 javelins
 p - 33 poisoned darts
 t - 17 boomerangs
 H - 89 arrows
 T - 7 curare-tipped darts
Armour
 c - a +1 hat (worn)
 A - a +0 scale mail
 B - a +0 cloak (worn)
 F - a +0 pair of boots (worn)
 K - the +1 ring mail of Awe (worn) {Regen+ Stlth+}
   (You bought it in a shop on level 6 of the Dungeon)

   It increases your rate of regeneration.
   It makes you more stealthy.
 L - a +0 pair of gloves (worn)
 M - a cursed +0 scale mail
 P - +0 steam dragon scales
Jewellery
 e - a +4 ring of protection (left hand)
 k - an amulet of guardian spirit (around neck)
 m - a +4 ring of protection
 v - a ring of stealth (right hand)
 y - an uncursed ring of wizardry
 S - an uncursed amulet of the acrobat
 W - an uncursed ring of resist corrosion {unknown}
Wands
 r - a wand of enslavement (8)
 s - a wand of acid (14)
 C - a wand of flame (34)
 D - a wand of paralysis (20)
 O - a wand of iceblast (10)
 U - a wand of digging (7)
Scrolls
 f - 6 scrolls of teleportation
 g - 8 scrolls of identify
 n - 4 scrolls of remove curse
 o - 3 scrolls of enchant weapon
 x - a scroll of magic mapping
 E - a scroll of acquirement {unknown}
 G - a scroll of amnesia
 N - a scroll of fog {unknown}
 Q - a scroll of torment {unknown}
 R - a scroll of blinking {unknown}
Potions
 h - 3 potions of brilliance
 i - a potion of resistance
 l - 2 potions of ambrosia
 q - 2 potions of invisibility
 w - 2 potions of might
 I - 3 potions of attraction
 J - 2 potions of lignification


   Skills:
 + Level 8.7 Fighting
 + Level 11.7 Long Blades
 + Level 7.0 Bows
 + Level 2.0 Throwing
 + Level 7.5 Armour
 + Level 7.3 Dodging
 + Level 4.3 Stealth
 - Level 6.0 Invocations


You had 10 spell levels left.
You didn't know any spells.
Your spell library contained the following spells:

 Spells                   Type           Power        Failure   Level
 Magic Dart               Conj           0%           56%         1
 Sandblast                Erth           0%           56%         1
 Blink                    Tloc           N/A          71%         2
 Call Imp                 Summ           0%           71%         2
 Passwall                 Tmut/Erth      0%           71%         2
 Slow                     Hex            0%           71%         2
 Conjure Flame            Conj/Fire      0%           91%         3
 Mephitic Cloud           Conj/Pois/Air  0%           91%         3
 Stone Arrow              Conj/Erth      0%           91%         3
 Petrify                  Tmut/Erth      0%           100%        4
 Bolt of Magma            Conj/Fire/Erth 0%           100%        5
 Iskenderun's Battlesphe  Conj           0%           100%        5
 Lee's Rapid Deconstruct  Erth           0%           100%        5
 Iron Shot                Conj/Erth      0%           100%        6
 Orb of Destruction       Conj           0%           100%        7
 Spellforged Servitor     Conj/Summ      0%           100%        7


Dungeon Overview and Level Annotations

Branches:
Dungeon (11/15)            Temple (1/1) D:5            Lair (0/6) D:11
    Orc (0/2) D:9

Altars:
Ashenzari
Cheibriados
Dithmenos
Elyvilon
Fedhas
Gozag
Hepliaklqana
Kikubaaqudgha
Makhleb
Nemelex Xobeh
Okawaru
Qazlal
Ru
Sif Muna
Trog
Uskayaw
Vehumet
Wu Jian
Xom
Yredelemnul
Zin
The Shining One

Shops:
D:6 [![}   D:9 ([?   D:11 =


Innate Abilities, Weirdness & Mutations

You reflexively headbutt those who attack you in melee.
You have a pair of horns on your head.
You are partially covered in yellow scales. (AC +2)
Armour fits poorly on your strangely shaped body.


Message History

The centaur shoots an arrow.
The arrow hits you.
* * * LOW HITPOINT WARNING * * *
You hear a shout!
You feel very mighty all of a sudden.
The centaur shoots an arrow.
The arrow misses you.
The boulder beetle completely misses you.
You slice the boulder beetle!!
The boulder beetle is almost dead.
The centaur shoots an arrow.
The arrow barely misses you. The boulder beetle misses you.
You furiously retaliate!
You headbutt the boulder beetle, but do no damage.
You riposte.
You barely miss the boulder beetle.
You headbutt the boulder beetle, but do no damage.
The boulder beetle is almost dead.
Uskayaw will force your foes to share their pain.
Uskayaw links your audience in an emotional bond!
You hit the boulder beetle.
You kill the boulder beetle!
The centaur shoots an arrow.
The arrow hits you!
You die...

...# #. #.....†.....#
# ....# ##
##.#....^..####..
.....
.....((........). ..
####....#'#.....###
.......(#∩#...#>.#
#......###...##.#
#.....(......# .#
###...#.....(..# #
.c....##@....#..#
#.c..(###..#....
#####..#.......$...
.......<.....#..##...
###......##.........#
#......# ..$....#
#....... ##...!..
#.....)... ....
....^....##. ...


You could see a centaur (pain bonded).

Vanquished Creatures
  A boulder beetle (D:11)
  3 unseen horrors
  A manticore (D:11)
  The ghost of Xye the Covered, a novice GrFi of Nemelex Xobeh (D:6)
  Joseph (D:10)
  Maggie (D:9)
  3 trolls
  A hornet (D:11)
  Grinder (D:4)
  Sigmund (D:3)
  A wyvern (D:10)
  3 yaks (D:9)
  2 steam dragons
  3 wargs
  An ice beast (D:9)
  6 orc warriors
  4 sky beasts
  3 phantoms
  4 ogres
  A centaur (D:11)
  A big kobold (D:9)
  3 bullfrogs
  A gnoll sergeant (D:7)
  3 scorpions
  2 jellies
  A water moccasin skeleton (D:10)
  5 killer bees (D:9)
  5 wights (D:10)
  2 electric eels (D:3)
  4 howler monkeys
  3 centaur zombies
  A centaur skeleton (D:6)
  A bullfrog zombie (D:10)
  4 hounds
  Crazy Yiuf (D:2)
  10 orc priests
  Terence (D:2)
  A bullfrog skeleton (D:10)
  2 iguanas
  15 orc wizards
  8 worker ants
  A hound zombie (D:6)
  2 hound skeletons
  A worker ant zombie (D:6)
  2 howler monkey zombies
  7 gnolls
  11 adders
  5 shadow imps
  4 white imps
  2 ufetubi
  2 oozes
  An adder skeleton (D:5)
  4 worms
  2 dart slugs
  2 leopard geckos
  49 orcs
  8 giant cockroaches
  10 goblins
  8 hobgoblins
  16 jackals
  14 kobolds
  2 quokkas
  7 bats
  3 frilled lizards
  A leopard gecko zombie (D:7)
  6 rats
286 creatures vanquished.

Vanquished Creatures (others)
  A jackal (D:6)
  A plant (D:3)
2 creatures vanquished.

Grand Total: 288 creatures vanquished

Notes
Turn   | Place    | Note
-------+----------+-------------------------------------------
     0 | D:1      | Eitelfritz the Minotaur Gladiator began the quest for the
                  | Orb.
     0 | D:1      | Reached XP level 1. HP: 18/18 MP: 0/0
   515 | D:1      | Reached XP level 2. HP: 25/25 MP: 1/1
   614 | D:1      | Reached skill level 4 in Long Blades
  1067 | D:2      | Noticed Sigmund
  1067 | D:2      | Noticed Terence
  1280 | D:2      | Reached XP level 3. HP: 30/30 MP: 2/2
  1542 | D:3      | Found a transporter.
  1542 | D:3      | Found a transporter.
  1657 | D:3      | Reached skill level 1 in Armour
  2181 | D:4      | Reached XP level 4. HP: 37/37 MP: 3/3
  2335 | D:4      | Reached skill level 5 in Long Blades
  2343 | D:4      | Reached XP level 5. HP: 19/45 MP: 4/4
  2949 | D:4      | Reached XP level 6. HP: 48/51 MP: 5/5
  3258 | D:4      | Noticed Grinder
  3267 | D:4      | Paralysed by Grinder for 2 turns
  3274 | D:4      | Gained mutation: Armour fits poorly on your strangely
                  | shaped body. [potion of mutation]
  3274 | D:4      | Gained mutation: You are partially covered in yellow
                  | scales. (AC +2) [potion of mutation]
  3278 | D:4      | Paralysed by Grinder for 3 turns
  3284 | D:4      | Killed Grinder
  3285 | D:4      | Reached skill level 6 in Long Blades
  3285 | D:4      | Reached skill level 1 in Stealth
  3934 | D:2      | Reached XP level 7. HP: 57/59 MP: 6/6
  4013 | D:2      | Found a runed translucent door.
  4014 | D:2      | Noticed Crazy Yiuf
  4403 | D:3      | Killed Sigmund
  4404 | D:3      | Reached skill level 7 in Long Blades
  4404 | D:3      | Reached skill level 5 in Dodging
  4847 | D:2      | Killed Terence
  5111 | D:2      | Killed Crazy Yiuf
  5387 | D:5      | Entered Level 5 of the Dungeon
  5807 | D:5      | Reached skill level 8 in Long Blades
  6096 | D:5      | Reached skill level 5 in Fighting
  6096 | D:5      | Reached XP level 8. HP: 54/68 MP: 7/7
  6389 | D:5      | Found a staircase to the Ecumenical Temple.
  6763 | Temple   | Entered the Ecumenical Temple
  6805 | Temple   | Became a worshipper of Uskayaw the Reveller
  7060 | D:6      | Reached * piety under Uskayaw
  7074 | D:6      | Reached ** piety under Uskayaw
  7075 | D:6      | Reached skill level 9 in Long Blades
  7088 | D:6      | Found a bloodstained altar of Trog.
  7147 | D:6      | Reached skill level 5 in Armour
  7160 | D:6      | Reached *** piety under Uskayaw
  7162 | D:6      | Reached **** piety under Uskayaw
  7163 | D:6      | Reached skill level 1 in Bows
  7553 | D:6      | Reached skill level 1 in Invocations
  7892 | D:6      | Found Imnaedu's Gadget Shop.
  8061 | D:6      | Found Furphodghu's Armour Boutique.
  8126 | D:6      | Bought the +1 ring mail of Awe {Regen+ Stlth+} for 225 gold
                  | pieces
  8226 | D:6      | Found a runed translucent gate.
  8226 | D:6      | Found a runed translucent gate.
  8270 | D:6      | Found Ziorhofidgh's Distillery.
  8278 | D:6      | Bought a potion of degeneration for 14 gold pieces
  8278 | D:6      | Bought 2 potions of might for 112 gold pieces
  8363 | D:6      | Found Waegoafi's Armour Emporium.
  8371 | D:6      | Bought a +0 pair of gloves for 49 gold pieces
  8495 | D:6      | Found a runed translucent gate.
  8495 | D:6      | Noticed Xye's ghost (novice GrFi)
  8909 | D:7      | Reached XP level 9. HP: 75/75 MP: 9/9
  9978 | D:8      | Found an opulent altar of Gozag.
 10288 | D:8      | Reached skill level 10 in Long Blades
 10537 | D:9      | Noticed Maggie
 10557 | D:9      | Killed Maggie
 10563 | D:9      | Reached ***** piety under Uskayaw
 10753 | D:9      | Found Eletud's Weapon Shoppe.
 10753 | D:9      | Found a staircase to the Orcish Mines.
 10753 | D:9      | Found Uhuosy's Armour Shoppe.
 10951 | D:9      | Found Jacocil's Magic Scroll Boutique.
 10953 | D:9      | Killed an unseen horror
 10954 | D:9      | Reached skill level 5 in Bows
 10954 | D:9      | Reached XP level 10. HP: 62/86 MP: 8/12
 11029 | D:9      | Bought a scroll of identify for 34 gold pieces
 11029 | D:9      | Bought a scroll of identify for 34 gold pieces
 11029 | D:9      | Bought a scroll of random uselessness for 17 gold pieces
 11531 | D:9      | Killed an unseen horror
 11532 | D:9      | Reached skill level 5 in Invocations
 12474 | D:6      | Killed Xye's ghost
 12590 | D:10     | Entered Level 10 of the Dungeon
 12741 | D:10     | Reached skill level 11 in Long Blades
 13259 | D:10     | Noticed Joseph
 13271 | D:10     | Killed Joseph
 13410 | D:10     | Reached XP level 11. HP: 78/94 MP: 11/14
 13823 | D:11     | Killed an unseen horror
 13827 | D:11     | Reached ****** piety under Uskayaw
 14113 | D:11     | Found a staircase to the Lair.
 14143 | D:11     | Found Lori's Jewellery Shoppe.
 14177 | D:11     | Noticed a boulder beetle
 14222 | D:11     | HP: 3/95 [centaur/arrow (4)]
 14225 | D:11     | Killed a boulder beetle
 14225 | D:11     | Shot with an arrow by a centaur

Illustrated notes

Levels and vault maps discovered:
D:1:      dpeg_arrival_chambers_temple_mockup, layout_basic, moated_statue
D:2:      layout_rooms, uniq_crazy_yiuf_cottage, uniq_sigmund, uniq_terence
D:3:      gammafunk_steamed_eel, layout_basic
D:4:      layout_basic, uniq_grinder
D:5:      minmay_razor_zed, layout_basic, temple_fountains
D:6:      layout_layer_cave, ebering_ghost_rock_garden, serial_shops,
          kennysheep_mini, kennysheep_little_box, shop, shop, basic_altar
D:7:      layout_gridville
D:8:      layout_basic, old_standard_altar
D:9:      layout_gridville, orc_david_3, serial_rivers,
          chequers_serial_rivers_micro_b, chequers_serial_rivers_room_b,
          chequers_serial_rivers_marsh, chequers_serial_rivers_large_a,
          chequers_serial_rivers_micro_e, serial_shops, shop_statue, uniq_maggie
D:10:     layout_stronghold, serial_column_ruins, column_ruins_hut_ruined,
          column_ruins_corridor_dead_end, column_ruins_open_small_water,
          column_ruins_open_small, column_ruins_columns_straight,
          column_ruins_grid_1, uniq_joseph
D:11:     layout_rooms, erik_lair_orcish_takeover, serial_shops,
          nicolae_shop_window_shopping, uniq_maurice
Temple:   compressed_dpeg_circular_temple

Skill      XL: |  1  2  3  4  5  6  7  8  9 10 11 |
---------------+----------------------------------+-----
Long Blades    | 4 5 6 8 9 10 11 | 11.7
Dodging        | 4 5 6 7 |  7.3
Armour         | 1 2 3 4 5 6 7 |  7.5
Fighting       | 3 4 5 7 8 |  8.7
Stealth        | 1 3 4 |  4.3
Bows           | 2 5 6 7 |  7.0
Invocations    | 2 4 5 6 |  6.0
Throwing       | |  2.0

Action                   |  1- 3 |  4- 6 |  7- 9 | 10-12 || total
-------------------------+-------+-------+-------+-------++-------
Melee: Long sword        |    76 |    78 |   299 |   272 ||   725
       Headbutt          |    19 |    13 |    68 |    64 ||   164
 Fire: Longbow           |       |       |   110 |    54 ||   164
  Use: Potion            |       |     2 |       |     2 ||     4
       Scroll            |       |       |     9 |     4 ||    13
 Stab: Sleeping          |       |     1 |     1 |     4 ||     6
       Paralysed         |       |       |    13 |    15 ||    28
Armor: Leather armour    |    12 |    18 |     3 |       ||    33
       Scale mail        |       |       |    61 |       ||    61
       Ring mail         |       |       |    67 |   171 ||   238
Dodge: Dodged            |    76 |    63 |   229 |   208 ||   576
       Rpst.: Long sword |    18 |    21 |    56 |    42 ||   137
